[Event "GER-ch Women 2020"]
[Site "Magdeburg"]
[Date "2020.08.20"]
[Round "6.3"]
[White "Mehling, Katharina"]
[Black "Bashylina, Luisa"]
[Result "1-0"]
[ECO "E92"]
[WhiteElo "1947"]
[BlackElo "1975"]
[Annotator "ChessBase"]
[PlyCount "97"]
[EventDate "2020.08.16"]
[EventType "swiss"]
[EventCountry "GER"]
[SourceTitle "playchess.com"]
[Source "ChessBase"]
[SourceQuality "1"]
[TimeControl "40/5400+30:1800+30"]

1. d4 Nf6 2. c4 g6 3. Nc3 Bg7 4. e4 d6 5. Nf3 O-O 6. Be2 e5 7. Be3 Nc6 8. d5 Ne7 9. Nd2 Ne8 10. O-O f5 11. f3 f4 12. Bf2 g5 13. c5 h5 14. Rc1 Rf6 15. Nb5 a6 16. Nc3 Rg6 17. cxd6 cxd6 18. Na4 g4 19. Bb6 Qd7 20. Ba5 gxf3 21. Rxf3 b5 22. Nb6 Qa7 23. Kh1 Rb8 24. Nxc8 Rxc8 25. Rxc8 Nxc8 26. Qg1 Qd7 27. Rc3 Nf6 28. Rc7 Qe8 29. a4 Bf8 30. axb5 axb5 31. Qf1 Ne7 32. Bxb5 Qa8 33. b4 Ng4 34. Qf3 Qb8 35. Bf1 Ne3 36. Nc4 Nxf1 37. Qxf1 Qb5 38. Nd2 Qa4 39. Rc1 Bh6 40. Nf3 Qa2 41. Bd8 Rg7 42. b5 Nxd5 43. exd5 e4 44. b6 Qxd5 45. Qc4 Qxc4 46. Rxc4 exf3 47. gxf3 Rb7 48. Bc7 Kf7 49. Ra4 1-0

[Event "GER-ch Women 2020"]
[Site "Magdeburg"]
[Date "2020.08.20"]
[Round "6.9"]
[White "Heutling, Elina"]
[Black "Zimmer, Elke"]
[Result "1-0"]
[ECO "C77"]
[WhiteElo "1833"]
[BlackElo "1952"]
[Annotator "ChessBase"]
[PlyCount "119"]
[EventDate "2020.08.16"]
[EventType "swiss"]
[EventCountry "GER"]
[SourceTitle "playchess.com"]
[Source "ChessBase"]
[SourceQuality "1"]
[TimeControl "40/5400+30:1800+30"]

1. e4 e5 2. Nf3 Nc6 3. Bb5 a6 4. Ba4 Nf6 5. d3 d6 6. c3 Bd7 7. Nbd2 Be7 8. O-O O-O 9. Re1 Qe8 10. Bc2 Bg4 11. h3 Bh5 12. Nf1 Nd7 13. g4 Bg6 14. Ng3 Qd8 15. Kh2 Bh4 16. Nxh4 Qxh4 17. Qf3 Nc5 18. Rg1 Qe7 19. Nf5 Qd7 20. h4 d5 21. exd5 Ne7 22. b4 Nxd3 23. Bxd3 Nxd5 24. h5 Bxf5 25. Bxf5 Qd6 26. Be4 c6 27. Rd1 Qe6 28. Bxd5 cxd5 29. Rxd5 Rfd8 30. Rxd8+ Rxd8 31. Qe4 h6 32. Be3 b5 33. a4 Rc8 34. axb5 axb5 35. Bc5 Qd7 36. Ra7 Rc7 37. Ra5 Rc8 38. Qe2 e4 39. Rxb5 Qd3 40. Qxd3 exd3 41. Be3 Rxc3 42. Rd5 Rb3 43. Bd2 Kf8 44. Kg3 Ke7 45. Kf4 g6 46. Ke3 Ke6 47. Rxd3 Rb1 48. Kd4 gxh5 49. gxh5 Rh1 50. Bxh6 Rxh5 51. Re3+ Kd6 52. Bf4+ Kc6 53. Rc3+ Kb6 54. Rc5 Rh7 55. Rc7 Kb5 56. Kc3 Rh3+ 57. Be3 Rf3 58. Rc5+ Ka6 59. Kc4 f5 60. Rc7 1-0

[Event "GER-ch Women 2020"]
[Site "Magdeburg"]
[Date "2020.08.20"]
[Round "6.10"]
[White "Hielscher, Ursula"]
[Black "Schumann, Rabea"]
[Result "0-1"]
[ECO "A45"]
[WhiteElo "1789"]
[BlackElo "1871"]
[Annotator "NA RC"]
[PlyCount "38"]
[EventDate "2020.08.16"]
[EventType "swiss"]
[EventCountry "GER"]
[SourceTitle "playchess.com"]
[Source "ChessBase"]
[SourceQuality "1"]
[TimeControl "40/5400+30:1800+30"]

1. d4 Nf6 2. Bg5 Ne4 3. Bf4 d5 4. f3 Nf6 5. Nd2 c5 6. dxc5 {[%emt 0:03:51] A45: Trompowsky Attack.} Nc6 7. Nb3 e5 8. Bg5 {[%emt 0:00:48] [#]} Bxc5 $1 9. Nxc5 Qa5+ {[%emt 0:00:07] Double Attack} 10. Qd2 Qxc5 {[%emt 0:00:14] [#]} 11. O-O-O $146 ({Predecessor:} 11. e3 Bf5 12. c3 h6 13. Bh4 O-O-O 14. Ne2 g5 15. Bf2 Qe7 16. Ng3 Bg6 17. Bb5 {1-0 (43) Soto Vega,J (2357)-Vergara Jofre,F (2245) Montevideo 2018}) 11... Be6 12. Qc3 Qxc3 13. bxc3 Rc8 14. Kb2 Nd7 15. Be3 Na5 16. Bf2 Nc4+ 17. Ka1 Ke7 18. g3 (18. e3 $17 {was called for.}) 18... Rc6 19. f4 Bf5 $17 0-1

[Event "GER-ch Women 2020"]
[Site "Magdeburg"]
[Date "2020.08.20"]
[Round "7.1"]
[White "Burchardt, Brigitte"]
[Black "Osmanodja, Filiz"]
[Result "1/2-1/2"]
[ECO "C24"]
[WhiteElo "2091"]
[BlackElo "2293"]
[Annotator "ChessBase"]
[PlyCount "66"]
[EventDate "2020.08.16"]
[EventType "swiss"]
[EventCountry "GER"]
[SourceTitle "playchess.com"]
[Source "ChessBase"]
[SourceQuality "1"]
[TimeControl "40/5400+30:1800+30"]

1. e4 e5 2. Bc4 Nf6 3. d3 c6 4. Qe2 Be7 5. Nf3 O-O 6. O-O d5 7. Bb3 Bg4 8. Nbd2 Nbd7 9. Re1 Nh5 10. Nf1 dxe4 11. dxe4 Nf4 12. Qd1 Qc7 13. h3 Be6 14. Ng3 Rad8 15. Be3 c5 16. Bxe6 fxe6 17. Bxf4 exf4 18. Nf1 Bf6 19. c3 Ne5 20. Qe2 Nd3 21. Red1 c4 22. Rab1 Be7 23. N1d2 Bc5 24. Rf1 b5 25. b3 Bb6 26. bxc4 bxc4 27. e5 Rf5 28. Qe4 Rc8 29. Rb5 a6 30. Rbb1 Qa7 31. Qe2 Qc7 32. Qe4 Qa7 33. Qe2 Qc7 1/2-1/2

[Event "GER-ch Women 2020"]
[Site "Magdeburg"]
[Date "2020.08.20"]
[Round "7.2"]
[White "Voicu-Jagodzinsky, Carmen"]
[Black "Vidonyak, Nellya"]
[Result "1-0"]
[ECO "C41"]
[WhiteElo "2244"]
[BlackElo "2136"]
[Annotator "ChessBase"]
[PlyCount "69"]
[EventDate "2020.08.16"]
[EventType "swiss"]
[EventCountry "GER"]
[SourceTitle "playchess.com"]
[Source "ChessBase"]
[SourceQuality "1"]
[TimeControl "40/5400+30:1800+30"]

1. e4 d6 2. d4 Nf6 3. Nc3 e5 4. Nf3 Nbd7 5. Bc4 Be7 6. O-O O-O 7. Re1 c6 8. a4 Qc7 9. h3 b6 10. Ba2 Bb7 11. Nh4 g6 12. Bh6 Rfe8 13. Nf3 Bf8 14. Bxf8 Nxf8 15. Qd2 Kg7 16. Rad1 Rad8 17. Re3 Rd7 18. Nh4 exd4 19. Qxd4 Re5 20. f4 c5 21. Qd3 Re8 22. Nb5 Qb8 23. Nc3 Qd8 24. Nf3 Kg8 25. Ng5 h6 26. Nxf7 Rxf7 27. e5 d5 28. exf6 Rxe3 29. Qxe3 Rd7 30. Qe5 c4 31. Nxd5 Kh7 32. Bxc4 Bxd5 33. Rxd5 Rxd5 34. Bxd5 Nd7 35. Qe7+ 1-0

[Event "GER-ch Women 2020"]
[Site "Magdeburg"]
[Date "2020.08.20"]
[Round "7.4"]
[White "Bashylina, Luisa"]
[Black "Butenandt, Svenja"]
[Result "1-0"]
[ECO "B42"]
[WhiteElo "1975"]
[BlackElo "1879"]
[Annotator "ChessBase"]
[PlyCount "65"]
[EventDate "2020.08.16"]
[EventType "swiss"]
[EventCountry "GER"]
[SourceTitle "playchess.com"]
[Source "ChessBase"]
[SourceQuality "1"]
[TimeControl "40/5400+30:1800+30"]

1. e4 c5 2. Nf3 e6 3. d4 cxd4 4. Nxd4 a6 5. Bd3 Qc7 6. O-O Nf6 7. Qe2 d6 8. c4 Nbd7 9. f4 Be7 10. Nc3 b6 11. Kh1 Bb7 12. Bd2 O-O 13. Rae1 Rfd8 14. f5 e5 15. Nf3 Nc5 16. Bb1 Rac8 17. Rg1 Qb8 18. g4 Bf8 19. g5 Ne8 20. b4 Nd7 21. a3 Nc7 22. Ba2 g6 23. Nh4 Kg7 24. Rgf1 a5 25. Qf3 Kh8 26. fxg6 fxg6 27. Qf7 Bg7 28. Rf3 Nf8 29. Rh3 Rd7 30. Nxg6+ Nxg6 31. Qxg6 Bf8 32. Qf6+ Bg7 33. Qf5 1-0

[Event "GER-ch Women 2020"]
[Site "Magdeburg"]
[Date "2020.08.20"]
[Round "7.6"]
[White "Bardorz, Jana"]
[Black "Dietrich, Mareike"]
[Result "1/2-1/2"]
[ECO "B93"]
[WhiteElo "2000"]
[BlackElo "1699"]
[Annotator "ChessBase"]
[PlyCount "64"]
[EventDate "2020.08.16"]
[EventType "swiss"]
[EventCountry "GER"]
[SourceTitle "playchess.com"]
[Source "ChessBase"]
[SourceQuality "1"]
[TimeControl "40/5400+30:1800+30"]

1. e4 c5 2. Nf3 d6 3. d4 cxd4 4. Nxd4 Nf6 5. Nc3 a6 6. f4 Qc7 7. f5 b5 8. a3 Bb7 9. Bd3 Nbd7 10. O-O g6 11. Qe1 Bg7 12. Nf3 O-O 13. Qh4 Qc5+ 14. Kh1 d5 15. e5 Nxe5 16. Nxe5 d4 17. Nxg6 fxg6 18. Ne2 Qc6 19. Nf4 Nh5 20. Rf2 Nxf4 21. Bxf4 gxf5 22. Qg3 Qg6 23. Re1 Rae8 24. Qxg6 hxg6 25. Rfe2 Bf6 26. a4 bxa4 27. Bh6 Bg7 28. Bc4+ e6 29. Rxe6 Rxe6 30. Rxe6 Bxh6 31. Re7+ Kh8 32. Rxb7 Re8 1/2-1/2

[Event "GER-ch Women 2020"]
[Site "Magdeburg"]
[Date "2020.08.20"]
[Round "7.7"]
[White "Stowicek, Yara Mathilda"]
[Black "Heutling, Elina"]
[Result "1/2-1/2"]
[ECO "C55"]
[WhiteElo "1674"]
[BlackElo "1833"]
[Annotator "NA RC"]
[PlyCount "100"]
[EventDate "2020.08.16"]
[EventType "swiss"]
[EventCountry "GER"]
[SourceTitle "playchess.com"]
[Source "ChessBase"]
[SourceQuality "1"]
[TimeControl "40/5400+30:1800+30"]

1. e4 e5 2. Bc4 Nf6 3. Nf3 Nc6 4. d3 d5 5. exd5 Nxd5 6. O-O Bg4 7. Re1 Be7 8. h3 Bh5 9. g4 Bg6 10. Nxe5 Nxe5 11. Rxe5 Nb6 12. Bb3 O-O 13. Nc3 {[%emt 0:03:32] C24: Bishop's Opening: 2...Nf6.} Bd6 14. Bg5 Qd7 15. Re1 {[%emt 0:02:50] [#]} h6 $146 ({Predecessor:} 15... Kh8 16. Bd2 f5 17. g5 f4 18. Qf3 Qd8 19. h4 Nd7 20. d4 h6 21. Ne4 Bf7 22. Bxf7 Rxf7 23. Nxd6 cxd6 {1-0 (35) Bayrak,K (1829)-Ilbay,H Antalya 2013}) 16. Be3 Kh8 17. Ne4 Be7 18. Ng3 Bh4 19. Qf3 Bxg3 20. Qxg3 Nd5 21. Bxh6 c6 22. Be3 Rfe8 23. Re2 Re7 24. Rae1 Rae8 25. Qf3 Nxe3 26. Rxe3 a6 27. g5 Rxe3 28. Rxe3 Kg8 29. h4 Rxe3 30. fxe3 Bf5 31. Qf4 Bg6 32. Kg2 Bh5 33. Qg3 Kh7 34. e4 Qe7 35. Qf4 Kg8 36. Qf5 Kh8 37. e5 Bg6 38. Qf4 Qd7 39. Kg3 Bh5 40. d4 Kg8 41. e6 fxe6 42. Qe5 Kf7 43. c4 b6 44. d5 $2 ({White should play} 44. Bc2 $18) 44... exd5 45. Qd4 $14 Qc7+ 46. Kg2 dxc4 47. Qxc4+ Ke7 48. Qe6+ Kd8 49. Qf5 Qd6 50. Qf2 c5 1/2-1/2

[Event "GER-ch Women 2020"]
[Site "Magdeburg"]
[Date "2020.08.20"]
[Round "7.8"]
[White "Rogozenco, Teodora"]
[Black "Reitz, Theresa"]
[Result "1-0"]
[ECO "D80"]
[WhiteElo "1979"]
[BlackElo "1942"]
[Annotator "ChessBase"]
[PlyCount "49"]
[EventDate "2020.08.16"]
[EventType "swiss"]
[EventCountry "GER"]
[SourceTitle "playchess.com"]
[Source "ChessBase"]
[SourceQuality "1"]
[TimeControl "40/5400+30:1800+30"]

1. d4 Nf6 2. c4 g6 3. Nc3 d5 4. Bg5 Ne4 5. Bh4 Nxc3 6. bxc3 Bg7 7. e3 c6 8. Nf3 Nd7 9. cxd5 cxd5 10. Qb3 Nb6 11. Bb5+ Bd7 12. Ne5 Bxe5 13. dxe5 Bxb5 14. Qxb5+ Qd7 15. Qb4 Rc8 16. Qf4 Qb5 17. Bxe7 Qb2 18. O-O Kxe7 19. Qf6+ Kd7 20. Qxf7+ Kd8 21. e4 Qxc3 22. Qf6+ Kd7 23. exd5 Rhf8 24. Qg7+ Ke8 25. d6 1-0

[Event "GER-ch Women 2020"]
[Site "Magdeburg"]
[Date "2020.08.20"]
[Round "7.9"]
[White "Schumann, Rabea"]
[Black "Brunner, Sophia"]
[Result "1/2-1/2"]
[ECO "A20"]
[WhiteElo "1871"]
[BlackElo "1881"]
[Annotator "NA RC"]
[PlyCount "124"]
[EventDate "2020.08.16"]
[EventType "swiss"]
[EventCountry "GER"]
[SourceTitle "playchess.com"]
[Source "ChessBase"]
[SourceQuality "1"]
[TimeControl "40/5400+30:1800+30"]

1. c4 e5 2. g3 Nc6 3. Bg2 d6 4. Nc3 Nge7 5. e3 Be6 6. Nd5 {[%emt 0:04:33] A25: English Opening vs King's Indian with ...Nc6 but without early d3.} Qd7 7. a3 {[%emt 0:10:19] [#]} f6 $146 ({Predecessor:} 7... Nd8 8. d4 c6 9. Nxe7 Bxe7 10. d5 cxd5 11. cxd5 Bg4 12. Qb3 f5 13. f3 Bh5 {1-0 (38) Valsecchi,A (2425)-Gomez Dieguez,D (2081) Bergamo 2012}) 8. Ne2 Nd8 9. d4 c6 10. Nxe7 Bxe7 11. d5 Bg4 12. O-O c5 13. Qd3 Nf7 14. f4 O-O 15. Nc3 f5 16. e4 exf4 17. gxf4 fxe4 18. Bxe4 g6 19. Be3 Bf5 20. Bxf5 Qxf5 21. Qxf5 gxf5 22. Nb5 Bf6 23. Rab1 Rfc8 24. Bd2 a6 25. Nc3 Bxc3 26. Bxc3 Nh6 ({Black should try} 26... Re8 $14) 27. h3 Kf7 28. Kf2 Ng8 29. Rfe1 Re8 30. b4 Rxe1 31. Rxe1 Rc8 32. b5 axb5 33. cxb5 $2 (33. Re6 $1 $11 {and White has nothing to worry.}) 33... Ra8 $2 (33... Ne7 $19 34. Bb2 Nxd5) 34. Bb2 {[%emt 0:00:57] [#]} (34. Re6 $1 $11 {was the only way to keep the balance.}) 34... Ra5 $1 35. Re6 Rxb5 36. Bc3 Rb3 37. Bh8 Rb6 38. Be5 Ne7 39. Rf6+ {[%emt 0:00:37] [#]} Ke8 (39... Kg8 $1 $17 40. Rxd6 Rxd6 41. Bxd6 Nxd5 42. Bxc5 Nxf4) 40. Rxd6 $2 (40. Bxd6 $11 Nxd5 41. Rf8+ Kd7 42. Bxc5 Rb2+ 43. Kg3) 40... Rxd6 41. Bxd6 Nxd5 $2 (41... b6 $19 {has better winning chances.} 42. Ke3 Nxd5+ 43. Kd2 Kd7) 42. Bxc5 Nxf4 43. Kg3 Ne6 44. Be3 Kf7 45. Bd2 Kf6 46. Kf3 Ng5+ 47. Kg2 Ne4 48. Bf4 Ke6 49. a4 Nc3 50. a5 Nd5 51. Bd2 Ke5 52. Kf3 f4 53. Bc1 Kf5 54. h4 Ne3 55. Bxe3 fxe3 56. Kxe3 Ke5 57. Kf3 Kf5 58. Kg3 h6 59. Kf3 h5 60. Ke3 Ke5 61. Kf3 Kf5 62. Ke3 Ke5 $11 1/2-1/2

[Event "GER-ch Women 2020"]
[Site "Magdeburg"]
[Date "2020.08.20"]
[Round "7.10"]
[White "Von Herman, Brigitte"]
[Black "Hielscher, Ursula"]
[Result "1-0"]
[ECO "C15"]
[WhiteElo "2085"]
[BlackElo "1789"]
[Annotator "NA"]
[PlyCount "65"]
[EventDate "2020.08.16"]
[EventType "swiss"]
[EventCountry "GER"]
[SourceTitle "playchess.com"]
[Source "ChessBase"]
[SourceQuality "1"]
[TimeControl "40/5400+30:1800+30"]

1. e4 e6 2. d4 d5 3. Nc3 Bb4 4. exd5 exd5 5. Bd3 Nc6 6. a3 Bxc3+ 7. bxc3 Nge7 8. Qf3 Be6 9. Ne2 Qd7 10. O-O O-O-O 11. Nf4 Bg4 12. Qg3 g6 13. h3 Bf5 14. Re1 Bxd3 15. cxd3 h5 16. a4 $17 (16. Rb1 $11 {keeps the balance.}) 16... Rdg8 17. Qg5 f6 18. Qxf6 Rf8 19. Qe6 g5 20. Qxd7+ Kxd7 21. Ne6 Rf6 22. Nxg5 Rg8 23. Ra2 Rfg6 24. h4 Nf5 25. g3 Nd8 26. Re5 Nd6 27. Rxd5 Re8 28. Re5 Nc6 29. Rxe8 Nxe8 30. Be3 Na5 31. Kg2 Nf6 32. Nf3 Nd5 33. Ne5+ 1-0

[Event "GER-ch Women 2020"]
[Site "Magdeburg"]
[Date "2020.08.21"]
[Round "8.8"]
[White "Heutling, Elina"]
[Black "Dietrich, Mareike"]
[Result "1/2-1/2"]
[ECO "B90"]
[WhiteElo "1833"]
[BlackElo "1699"]
[Annotator "NA RC"]
[PlyCount "79"]
[EventDate "2020.08.16"]
[EventType "swiss"]
[EventCountry "GER"]
[SourceTitle "playchess.com"]
[Source "ChessBase"]
[SourceQuality "1"]
[TimeControl "40/5400+30:1800+30"]

1. e4 c5 2. Nf3 d6 3. d4 cxd4 4. Nxd4 Nf6 5. Nc3 a6 6. Be3 e6 7. Bd3 b5 8. f4 b4 {[%emt 0:03:35] B82: Sicilian Scheveningen: 6 f4.} 9. Nb1 {[%emt 0:03:50] [#]} Qc7 $146 ({Predecessor:} 9... Bb7 10. Qf3 Nbd7 11. Nd2 e5 12. Nf5 g6 13. Ng3 Bg7 14. Nc4 Qc7 15. O-O O-O 16. fxe5 dxe5 {½-½ (66) Derakhshani,D (2356)-Bok,B (2591) St Petersburg 2015}) 10. Qf3 Bb7 11. Nd2 Nbd7 12. O-O h5 13. h3 Nc5 14. g4 $2 (14. a3 $14) 14... hxg4 15. hxg4 Rh4 16. g5 Ng4 ({Of course not} 16... Nxd3 $6 17. cxd3 Ng4 18. Rfc1 $16) 17. Qg3 Nxe3 18. Qxe3 d5 ({Black should try} 18... O-O-O 19. Qg3 Rh8) 19. e5 $1 Nxd3 20. cxd3 Qb6 21. Kg2 Be7 {[%emt 0:06:09] [#]} 22. Rac1 (22. N2f3 $1 $16 Rh8 23. Rh1) 22... Bxg5 $2 (22... g6 $11 {and Black has nothing to worry.}) 23. fxg5 Qxd4 24. Qxd4 Rxd4 25. Rc7 Rxd3 26. Rh1 d4+ 27. Rxb7 Rxd2+ 28. Kf3 O-O-O 29. Rxb4 Rc2 30. Rd1 d3 31. Rb3 d2 32. Rc3+ $19 (32. g6 $17 {was called for.}) 32... Rxc3+ 33. bxc3 Rd3+ 34. Ke4 Rxc3 35. Rxd2 Rc5 36. Rf2 Rc7 37. Rb2 Rc4+ 38. Kf3 Rc3+ 39. Kf4 Rc4+ 40. Kf3 1/2-1/2

[Event "GER-ch Women 2020"]
[Site "Magdeburg"]
[Date "2020.08.21"]
[Round "8.11"]
[White "Roos, Karin"]
[Black "Schumann, Rabea"]
[Result "1/2-1/2"]
[ECO "B30"]
[WhiteElo "1772"]
[BlackElo "1871"]
[Annotator "NA RC"]
[PlyCount "74"]
[EventDate "2020.08.16"]
[EventType "swiss"]
[EventCountry "GER"]
[SourceTitle "playchess.com"]
[Source "ChessBase"]
[SourceQuality "1"]
[TimeControl "40/5400+30:1800+30"]

1. e4 c5 2. Nf3 Nc6 3. c3 Nf6 4. d3 d6 5. Be2 g6 6. Nbd2 Bg7 7. O-O O-O 8. Nc4 {[%emt 0:00:17] B50: Sicilian: 2...d6, Miscellaneous.} b5 9. Ne3 Rb8 10. h3 {[%emt 0:03:05] [#]} b4 $146 ({Predecessor:} 10... a5 11. Rb1 Be6 12. b3 Qc7 13. Bb2 Rfd8 14. c4 bxc4 15. bxc4 Nh5 16. Bxg7 Nxg7 {1-0 (79) Barilla,T (1982)-Butala,S (1855) Slovakia 2016}) 11. Bd2 a5 12. Nd5 Ba6 13. Re1 e6 14. Nxf6+ Bxf6 15. Qc1 Qd7 16. Bf1 Rb6 17. Rd1 Rfb8 18. Bg5 Bxg5 19. Qxg5 bxc3 20. bxc3 Qe7 21. Qe3 Qf6 22. d4 cxd4 23. cxd4 Bxf1 24. Kxf1 Nb4 25. e5 Qe7 26. Rdc1 Nd5 27. Qd2 a4 28. exd6 Qxd6 29. Ne5 Rb5 30. g3 f6 31. Nc4 (31. Rc6 $5 Qb4 32. Nc4 $15) 31... Qb4 32. Qxb4 Rxb4 33. Ke2 Rc8 34. Kd3 Kg7 35. Rab1 {[%emt 0:00:24] [#]} Rcb8 $15 (35... Rcxc4 $1 $19 36. Rxc4 Rxb1 37. Rxa4 Rd1+ 38. Kc2 Rf1 39. Ra7+ Kh6) 36. Ra1 Rc8 37. Rab1 Rcb8 1/2-1/2

[Event "GER-ch Women 2020"]
[Site "Magdeburg"]
[Date "2020.08.22"]
[Round "9.8"]
[White "Dietrich, Mareike"]
[Black "Brunner, Sophia"]
[Result "1/2-1/2"]
[ECO "B01"]
[WhiteElo "1699"]
[BlackElo "1881"]
[Annotator "NA RC"]
[PlyCount "58"]
[EventDate "2020.08.16"]
[EventType "swiss"]
[EventCountry "GER"]
[SourceTitle "playchess.com"]
[Source "ChessBase"]
[SourceQuality "1"]
[TimeControl "40/5400+30:1800+30"]

1. e4 d5 2. exd5 Qxd5 3. Nc3 Qa5 4. d4 Nf6 5. Nf3 c6 6. Bc4 Bg4 7. h3 Bxf3 8. Qxf3 e6 9. Bd2 Qc7 10. O-O-O Nbd7 11. Rhe1 O-O-O 12. g4 Nb6 13. Bf4 Bd6 14. Bxd6 Rxd6 15. g5 Nxc4 16. gxf6 g6 17. Ne4 Rd5 18. Rd3 Qa5 $19 19. Nc3 Rb5 20. Nxb5 Qxe1+ 21. Rd1 Qb4 22. b3 Qxb5 23. bxc4 Qxc4 24. Qa3 Qd5 25. Qxa7 Qg5+ 26. Kb1 Qxf6 27. Qa8+ Kc7 28. Qa5+ Kb8 29. Rd3 Qf5 1/2-1/2

[Event "GER-ch Women 2020"]
[Site "Magdeburg"]
[Date "2020.08.22"]
[Round "9.9"]
[White "Zimmer, Elke"]
[Black "Von Herman, Brigitte"]
[Result "0-1"]
[ECO "C90"]
[WhiteElo "1952"]
[BlackElo "2085"]
[Annotator "RC"]
[PlyCount "100"]
[EventDate "2020.08.16"]
[EventType "swiss"]
[EventCountry "GER"]
[SourceTitle "playchess.com"]
[Source "ChessBase"]
[SourceQuality "1"]
[TimeControl "40/5400+30:1800+30"]

1. e4 e5 2. Nf3 Nc6 3. Bb5 a6 4. Ba4 Nf6 5. O-O Be7 6. Re1 b5 7. Bb3 d6 8. c3 O-O 9. a4 Rb8 10. Na3 Na5 11. Bc2 c5 12. axb5 axb5 13. b3 Re8 14. Qe2 Qb6 15. d3 h6 16. h3 Bf8 17. c4 b4 18. Nb1 Nc6 19. Be3 Bd7 20. Nbd2 Ra8 21. Nf1 Ra3 22. Rab1 Ra2 23. Ra1 Ra3 24. Rab1 Rea8 25. Rb2 Qd8 26. g4 Nh7 27. Ng3 Be7 28. Kg2 Ng5 29. Nh2 Bf6 30. Nf5 Qf8 31. Nf3 Nxf3 32. Qxf3 Bg5 33. h4 Bxe3 34. fxe3 Ra2 35. Reb1 g6 36. Ng3 Qe7 37. h5 Qg5 38. Bd1 Be6 39. Qe2 Rxb2 40. Rxb2 Kg7 41. Qf3 Ne7 42. Rf2 Ng8 43. hxg6 fxg6 44. d4 Qe7 45. Nf1 Rf8 46. Qg3 Rxf2+ 47. Kxf2 exd4 48. exd4 Qf6+ 49. Qf3 Qxd4+ 50. Ne3 Nf6 0-1

[Event "GER-ch Women 2020"]
[Site "Magdeburg"]
[Date "2020.08.22"]
[Round "9.10"]
[White "Stowicek, Yara Mathilda"]
[Black "Roos, Karin"]
[Result "1/2-1/2"]
[ECO "B22"]
[WhiteElo "1674"]
[BlackElo "1772"]
[Annotator "NA RC"]
[PlyCount "53"]
[EventDate "2020.08.16"]
[EventType "swiss"]
[EventCountry "GER"]
[SourceTitle "playchess.com"]
[Source "ChessBase"]
[SourceQuality "1"]
[TimeControl "40/5400+30:1800+30"]

1. e4 c5 2. c3 d6 3. d4 cxd4 4. cxd4 Nf6 5. Nc3 g6 6. Be3 Bg7 7. h3 a6 8. Bd3 Nc6 9. f4 e5 10. Nf3 exd4 11. Nxd4 O-O 12. O-O Nb4 13. Bb1 Re8 14. Qf3 Nc6 15. a3 Nd7 16. Nde2 Nc5 17. Bc2 Be6 18. Rad1 Qe7 19. b4 Nd7 20. Rd2 Rac8 21. Bd4 Nxd4 22. Nxd4 Nb6 23. Nce2 Nc4 24. Rd3 Nb2 25. Rd2 Bc4 26. Rf2 Qc7 27. Nc1 1/2-1/2